APP
TEXAS (APP) RANGERS @ BLUEFIELD BLUE JAYS
06/26/2048
 
TOP OF THE 1ST
Texas (APP) Rangers batting - Pitching for Bluefield Blue Jays : RHP Shalom Diender
Pitching: RHP Shalom Diender
Batting: RHB Ron Squires 0-0: Ball
1-0: Ball
2-0: Foul Ball, location: 2F
2-1: Ball
3-1: Base on Balls
Batting: LHB Eddie Reyes 0-0: Ball
Ron Squires steals 2nd base
1-0: Ball
2-0: Ball
3-0: Called Strike
3-1: Ground out 6-3 (Groundball, 6, EV 80.0 MPH)
Ron Squires to third
Batting: RHB Luis Reyna 0-0: 2-RUN HOME RUN (Flyball, 7LD, EV 96.2 MPH), Distance : 348 ft
Batting: RHB Jerry Foster 0-0: Called Strike
0-1: Ball
1-1: Foul Ball, location: 2F
1-2: Ball
2-2: Foul Ball, location: 2F
2-2: SOLO HOME RUN (Flyball, 7LD, EV 91.2 MPH), Distance : 341 ft
Batting: RHB Nick Solberg 0-0: Called Strike
0-1: Swinging Strike
0-2: Ball
1-2: Strikes out swinging
Batting: RHB Elias Sagrero 0-0: Foul Ball, location: 2F
0-1: Called Strike
0-2: Ball
1-2: Foul Ball, location: 2F
1-2: Ball
2-2: Foul Ball, location: 2F
2-2: Ground out 6-3 (Groundball, P, EV 85.0 MPH)
Top of the 1st over - 3 runs, 2 hits, 0 errors, 0 left on base; Texas (APP) 3 - Bluefield 0
BOTTOM OF THE 1ST
Bluefield Blue Jays batting - Pitching for Texas (APP) Rangers : RHP Bobby Scott
Pitching: RHP Bobby Scott
Batting: RHB Akira Kubo 0-0: Ball
1-0: DOUBLE (Groundball, 5L, EV 100.0 MPH)
Batting: RHB Mike Johnson 0-0: Ball
1-0: Ball
2-0: Called Strike
2-1: SINGLE (Groundball, 56, EV 103.8 MPH)
Akira Kubo to third
Batting: LHB Lothar Middelkoop 0-0: Ball
1-0: Foul Ball, location: 2F
1-1: Foul Ball, location: 2F
1-2: Ball
2-2: Ground out 4-3 (Groundball, 4S, EV 65.6 MPH)
Akira Kubo scores
Mike Johnson to second
Batting: RHB David Gamez 0-0: DOUBLE (Groundball, 5L, EV 97.5 MPH)
Mike Johnson scores
Batting: LHB Nate Greening 0-0: Ball
1-0: Swinging Strike
1-1: Swinging Strike
1-2: Foul Ball, location: 2F
1-2: Ball
2-2: Ball
3-2: Strikes out looking
Batting: RHB Jorge Cruz 0-0: Called Strike
0-1: Foul Ball, location: 2F
0-2: Foul Ball, location: 2F
0-2: Ball
1-2: 2-RUN HOME RUN (Flyball, 78XD, EV 110.0 MPH), Distance : 425 ft
Batting: LHB Ron de Vos 0-0: Called Strike
0-1: Fly out, F6 (Popup, 6M, EV 80.0 MPH)
Bottom of the 1st over - 4 runs, 4 hits, 0 errors, 0 left on base; Texas (APP) 3 - Bluefield 4
TOP OF THE 2ND
Texas (APP) Rangers batting - Pitching for Bluefield Blue Jays : RHP Shalom Diender
Batting: RHB Luis Solorzano 0-0: Called Strike
0-1: Ball
1-1: Foul Ball, location: 2F
1-2: Ball
2-2: Ball
3-2: Base on Balls
Batting: SHB Albert Ortiz 0-0: Ball
1-0: Foul Ball, location: 2F
1-1: Swinging Strike
1-2: Strikes out swinging
Batting: LHB Bobby Scott 0-0: Ball
1-0: Ball
2-0: Foul Ball, location: 2F
2-1: Ball
Luis Solorzano steals 2nd base
3-1: Base on Balls
Batting: RHB Ron Squires 0-0: Fielders Choice at 2nd, 1-6 (Groundball, 13S, EV 68.1 MPH)
Luis Solorzano to third
Batting: LHB Eddie Reyes 0-0: Ball
1-0: Called Strike
1-1: Ball
2-1: Called Strike
2-2: DOUBLE (Line Drive, 7LS, EV 96.9 MPH)
Luis Solorzano scores
Ron Squires to third
Runner from 3rd tries for Home, SAFE, no throw by LF
Batting: RHB Luis Reyna 0-0: Ball
1-0: Called Strike
1-1: 2-RUN HOME RUN (Flyball, 7LD, EV 93.1 MPH), Distance : 338 ft
Pitching: RHP Jordan Wyatt
Batting: RHB Jerry Foster 0-0: Foul Ball, location: 2F
0-1: Swinging Strike
0-2: Ball
1-2: SOLO HOME RUN (Flyball, 7D, EV 96.2 MPH), Distance : 378 ft
Batting: RHB Nick Solberg 0-0: Called Strike
0-1: Ball
1-1: Ball
2-1: Swinging Strike
2-2: SOLO HOME RUN (Flyball, 78XD, EV 109.4 MPH), Distance : 427 ft
Batting: RHB Elias Sagrero 0-0: Ball
1-0: Called Strike
1-1: Ball
2-1: Ball
3-1: Base on Balls
Batting: RHB Luis Solorzano 0-0: Called Strike
0-1: Called Strike
0-2: Ball
1-2: Ball
2-2: Foul Ball, location: 2F
2-2: Ball
3-2: Base on Balls
Elias Sagrero to second
Batting: SHB Albert Ortiz 0-0: Ball
1-0: Called Strike
1-1: Swinging Strike
1-2: Foul Ball, location: 2F
1-2: Strikes out swinging
Top of the 2nd over - 6 runs, 4 hits, 0 errors, 2 left on base; Texas (APP) 9 - Bluefield 4
BOTTOM OF THE 2ND
Bluefield Blue Jays batting - Pitching for Texas (APP) Rangers : RHP Bobby Scott
Batting: RHB Lao-che Zhu 0-0: Ball
1-0: Ball
2-0: Foul Ball, location: 2F
2-1: Swinging Strike
2-2: Strikes out swinging
Batting: RHB Jorge Alva 0-0: Foul Ball, location: 2F
0-1: Foul Ball, location: 2F
0-2: Ball
1-2: Strikes out swinging
Batting: RHB Akira Kubo 0-0: SINGLE (Groundball, 56D, EV 101.9 MPH)
Batting: RHB Mike Johnson 0-0: Called Strike
0-1: Ball
1-1: Foul Ball, location: 2F
1-2: Ball
Wild Pitch!
Akira Kubo to second
2-2: Ball
3-2: Ground out 3-1 (Groundball, 34, EV 76.2 MPH)
Bottom of the 2nd over - 0 runs, 1 hit, 0 errors, 1 left on base; Texas (APP) 9 - Bluefield 4
TOP OF THE 3RD
Texas (APP) Rangers batting - Pitching for Bluefield Blue Jays : RHP Jordan Wyatt
Batting: LHB Bobby Scott 0-0: Ball
1-0: Foul Ball, location: 2F
1-1: Ground out 6-3 (Groundball, 6, EV 91.9 MPH)
Batting: RHB Ron Squires 0-0: Ball
1-0: Ground out 5-3 (Groundball, 56S, EV 83.1 MPH)
Batting: LHB Eddie Reyes 0-0: Fly out, F8 (Flyball, 8RD, EV 100.0 MPH)
Top of the 3rd over - 0 runs, 0 hits, 0 errors, 0 left on base; Texas (APP) 9 - Bluefield 4
BOTTOM OF THE 3RD
Bluefield Blue Jays batting - Pitching for Texas (APP) Rangers : RHP Bobby Scott
Batting: LHB Lothar Middelkoop 0-0: Ball
1-0: Ball
2-0: Ground out 6-3 (Groundball, 4MD, EV 77.5 MPH)
Batting: RHB David Gamez 0-0: Ball
1-0: Called Strike
1-1: Ball
2-1: Ground out 5-3 (Groundball, 56, EV 84.4 MPH)
Batting: LHB Nate Greening 0-0: Ball
1-0: Ball
2-0: Ball
3-0: Called Strike
3-1: Foul Ball, location: 2F
3-2: Base on Balls
Batting: RHB Jorge Cruz 0-0: Ball
Nate Greening steals 2nd base
1-0: Called Strike
1-1: Ground out 5-3 (Groundball, 56, EV 102.5 MPH)
Bottom of the 3rd over - 0 runs, 0 hits, 0 errors, 1 left on base; Texas (APP) 9 - Bluefield 4
TOP OF THE 4TH
Texas (APP) Rangers batting - Pitching for Bluefield Blue Jays : RHP Jordan Wyatt
Batting: RHB Luis Reyna 0-0: Ball
1-0: Called Strike
1-1: SINGLE (Groundball, 56D, EV 107.5 MPH) (infield hit)
Batting: RHB Jerry Foster 0-0: Called Strike
0-1: Ball
1-1: Ball
2-1: Swinging Strike
2-2: Strikes out looking
Batting: RHB Nick Solberg 0-0: Ball
1-0: DOUBLE (Line Drive, 89D, EV 104.4 MPH)
Luis Reyna to third
Batting: RHB Elias Sagrero 0-0: Ball
1-0: Fly out, F3 (Popup, 3L, EV 63.1 MPH)
Batting: RHB Luis Solorzano 0-0: Called Strike
0-1: Ball
1-1: Fly out, F8 (Flyball, 8RD, EV 96.2 MPH)
Top of the 4th over - 0 runs, 2 hits, 0 errors, 2 left on base; Texas (APP) 9 - Bluefield 4
BOTTOM OF THE 4TH
Bluefield Blue Jays batting - Pitching for Texas (APP) Rangers : RHP Bobby Scott
Batting: LHB Ron de Vos 0-0: Ball
1-0: DOUBLE (Line Drive, 78D, EV 102.5 MPH)
Batting: RHB Lao-che Zhu 0-0: Called Strike
0-1: Ball
1-1: Ball
2-1: Ball
3-1: Swinging Strike
3-2: Base on Balls
Batting: RHB Jorge Alva 0-0: Called Strike
0-1: Ball
1-1: Swinging Strike
1-2: Ball
2-2: Ball
3-2: Strikes out looking
Batting: RHB Akira Kubo 0-0: Ball
1-0: Grounds into double play, 5-4-3 (Groundball, 5, EV 76.9 MPH)
Bottom of the 4th over - 0 runs, 1 hit, 0 errors, 1 left on base; Texas (APP) 9 - Bluefield 4
TOP OF THE 5TH
Texas (APP) Rangers batting - Pitching for Bluefield Blue Jays : RHP Jordan Wyatt
Batting: SHB Albert Ortiz 0-0: Foul Ball, location: 2F
0-1: Fly out, F2 (Popup, 5SF, EV 81.9 MPH)
Batting: LHB Bobby Scott 0-0: Ball
1-0: Fly out, F8 (Flyball, 78XD, EV 88.8 MPH)
Batting: RHB Ron Squires 0-0: SOLO HOME RUN (Flyball, 7D, EV 100.0 MPH), Distance : 389 ft
Batting: LHB Eddie Reyes 0-0: Ground out 4-3 (Groundball, 4, EV 82.5 MPH)
Top of the 5th over - 1 run, 1 hit, 0 errors, 0 left on base; Texas (APP) 10 - Bluefield 4
BOTTOM OF THE 5TH
Bluefield Blue Jays batting - Pitching for Texas (APP) Rangers : RHP Bobby Scott
Batting: RHB Mike Johnson 0-0: Ball
1-0: SINGLE (Line Drive, 78S, EV 103.1 MPH)
Batting: LHB Lothar Middelkoop 0-0: Hit by Pitch
Mike Johnson to second
Batting: RHB David Gamez 0-0: Foul Ball, location: 2F
0-1: Ball
1-1: Ball
2-1: Foul Ball, location: 2F
2-2: Foul Ball, location: 2F
2-2: Ball
3-2: SINGLE (Groundball, 56D, EV 96.9 MPH)
Mike Johnson to third
Lothar Middelkoop to second
Batting: LHB Nate Greening 0-0: Ball
1-0: Swinging Strike
1-1: Foul Ball, location: 2F
1-2: Ball
2-2: Strikes out swinging
Batting: RHB Jorge Cruz 0-0: Ball
1-0: Foul Ball, location: 2F
1-1: Foul Ball, location: 2F
1-2: Fly out, F8 (Flyball, 8RM, EV 92.5 MPH)
Pinch Hitting: RHB Terry Plumley 0-0: Ball
1-0: Called Strike
1-1: Ball
2-1: Ball
3-1: Called Strike
3-2: GRAND SLAM HOME RUN (Flyball, 7LD, EV 96.2 MPH), Distance : 342 ft
Pitching: RHP Ian Wilson
Pinch Hitting: RHB Jake Bronner 0-0: Foul Ball, location: 2F
0-1: Ball
1-1: Foul Ball, location: 2F
1-2: Ball
2-2: Strikes out swinging
Bottom of the 5th over - 4 runs, 3 hits, 0 errors, 0 left on base; Texas (APP) 10 - Bluefield 8
TOP OF THE 6TH
Texas (APP) Rangers batting - Pitching for Bluefield Blue Jays : RHP Jordan Wyatt
Pitching: RHP Bryan Rystrom
Now at 3B: Terry Plumley
Now in CF: Jake Bronner
Batting: RHB Luis Reyna 0-0: Swinging Strike
0-1: Ball
1-1: Ball
2-1: Swinging Strike
2-2: Foul Ball, location: 2F
2-2: Fly out, F9 (Line Drive, 9, EV 90.6 MPH)
Batting: RHB Jerry Foster 0-0: Swinging Strike
0-1: Foul Ball, location: 2F
0-2: Ball
1-2: Ball
2-2: Ball
3-2: Foul Ball, location: 2F
3-2: Foul Ball, location: 2F
3-2: Fly out, F4 (Flyball, 4MD, EV 88.1 MPH)
Batting: RHB Nick Solberg 0-0: Called Strike
0-1: Ball
1-1: Ball
2-1: Foul Ball, location: 2F
2-2: Ball
3-2: Base on Balls
Batting: RHB Elias Sagrero 0-0: Ball
Nick Solberg is caught stealing 2nd base 2-4
Top of the 6th over - 0 runs, 0 hits, 0 errors, 0 left on base; Texas (APP) 10 - Bluefield 8
BOTTOM OF THE 6TH
Bluefield Blue Jays batting - Pitching for Texas (APP) Rangers : RHP Ian Wilson
Pinch Hitting: RHB Mike Chamberlain 0-0: Ball
1-0: Ball
2-0: Called Strike
2-1: Foul Ball, location: 2F
2-2: Ground out 6-3 (Groundball, 6MS, EV 63.8 MPH)
Batting: RHB Akira Kubo 0-0: Foul Ball, location: 2F
0-1: Bunted foul
0-2: Foul Ball, location: 2F
0-2: Ball
1-2: Ball
2-2: Ground out 4-3 (Groundball, 4, EV 85.6 MPH)
Batting: RHB Mike Johnson 0-0: Ground out U3 (Groundball, 3, EV 104.4 MPH)
Bottom of the 6th over - 0 runs, 0 hits, 0 errors, 0 left on base; Texas (APP) 10 - Bluefield 8
TOP OF THE 7TH
Texas (APP) Rangers batting - Pitching for Bluefield Blue Jays : RHP Bryan Rystrom
Now in RF: Mike Chamberlain
Batting: RHB Elias Sagrero 0-0: DOUBLE (Line Drive, 9LS, EV 103.1 MPH)
Batting: RHB Luis Solorzano 0-0: Ball
1-0: Foul Ball, location: 2F
1-1: Foul Ball, location: 2F
1-2: Ball
2-2: Foul Ball, location: 2F
2-2: Foul Ball, location: 2F
2-2: Strikes out swinging
Batting: SHB Albert Ortiz 0-0: Intentional Walk
Batting: LHB Bobby Scott 0-0: Swinging Strike
0-1: Called Strike
0-2: DOUBLE (Groundball, 5L, EV 109.4 MPH)
Elias Sagrero scores
Albert Ortiz to third
Batting: RHB Ron Squires 0-0: Ball
1-0: Ball
2-0: Swinging Strike
2-1: Called Strike
2-2: Ball
3-2: Foul Ball, location: 2F
3-2: 3-RUN HOME RUN (Flyball, 7D, EV 94.4 MPH), Distance : 380 ft
Pitching: RHP Tim Donovan
Batting: LHB Eddie Reyes 0-0: Foul Ball, location: 2F
0-1: Ground out 5-3 (Groundball, 56S, EV 84.4 MPH)
Batting: RHB Luis Reyna 0-0: Called Strike
0-1: Ball
1-1: Foul Ball, location: 2F
1-2: Fly out, F9 (Flyball, 9, EV 89.4 MPH)
Top of the 7th over - 4 runs, 3 hits, 0 errors, 0 left on base; Texas (APP) 14 - Bluefield 8
BOTTOM OF THE 7TH
Bluefield Blue Jays batting - Pitching for Texas (APP) Rangers : RHP Ian Wilson
Batting: LHB Lothar Middelkoop 0-0: Swinging Strike
0-1: Swinging Strike
0-2: Foul Ball, location: 2F
0-2: Foul Ball, location: 2F
0-2: Ball
1-2: Ball
2-2: Ball
3-2: Strikes out swinging
Batting: RHB David Gamez 0-0: Fly out, F8 (Flyball, 78M, EV 95.0 MPH)
Batting: LHB Nate Greening 0-0: Ball
1-0: Fly out, F7 (Flyball, 7, EV 78.8 MPH)
Bottom of the 7th over - 0 runs, 0 hits, 0 errors, 0 left on base; Texas (APP) 14 - Bluefield 8
TOP OF THE 8TH
Texas (APP) Rangers batting - Pitching for Bluefield Blue Jays : RHP Tim Donovan
Batting: RHB Jerry Foster 0-0: Ball
1-0: Called Strike
1-1: Foul Ball, location: 2F
1-2: Ball
2-2: Ball
3-2: Base on Balls
Batting: RHB Nick Solberg 0-0: Ball
1-0: Ball
2-0: Grounds into double play, 6-4-3 (Groundball, 6, EV 105.0 MPH)
Batting: RHB Elias Sagrero 0-0: Called Strike
0-1: Foul Ball, location: 2F
0-2: Ball
1-2: Ground out 5-3 (Groundball, 56, EV 78.8 MPH)
Top of the 8th over - 0 runs, 0 hits, 0 errors, 0 left on base; Texas (APP) 14 - Bluefield 8
BOTTOM OF THE 8TH
Bluefield Blue Jays batting - Pitching for Texas (APP) Rangers : RHP Ian Wilson
Batting: RHB Jorge Cruz 0-0: Ball
1-0: Called Strike
1-1: DOUBLE (Line Drive, 78XD, EV 108.8 MPH)
Batting: RHB Terry Plumley 0-0: Ball
1-0: Ball
2-0: Called Strike
2-1: Ball
3-1: 2-RUN HOME RUN (Flyball, 7LD, EV 93.8 MPH), Distance : 353 ft
Batting: RHB Jake Bronner 0-0: Swinging Strike
0-1: Ground out 6-3 (Groundball, 6, EV 80.0 MPH)
Batting: RHB Mike Chamberlain 0-0: Ground out 1-3 (Groundball, 34S, EV 74.4 MPH)
Batting: RHB Akira Kubo 0-0: Called Strike
0-1: Ball
1-1: Called Strike
1-2: Foul Ball, location: 2F
1-2: Strikes out swinging
Bottom of the 8th over - 2 runs, 2 hits, 0 errors, 0 left on base; Texas (APP) 14 - Bluefield 10
TOP OF THE 9TH
Texas (APP) Rangers batting - Pitching for Bluefield Blue Jays : RHP Tim Donovan
Batting: RHB Luis Solorzano 0-0: Called Strike
0-1: SINGLE (Line Drive, 8RS, EV 92.5 MPH)
Batting: SHB Albert Ortiz 0-0: Ball
1-0: Ball
2-0: Called Strike
Luis Solorzano steals 2nd base
2-1: Foul Ball, location: 2F
2-2: Ball
3-2: DOUBLE (Flyball, 8RXD, EV 106.2 MPH)
Luis Solorzano scores
Batting: LHB Bobby Scott 0-0: Called Strike
0-1: Called Strike
0-2: Ball
1-2: Foul Ball, location: 2F
1-2: Ball
2-2: Fly out, F7 (Flyball, 7S, EV 96.2 MPH)
Batting: RHB Ron Squires 0-0: Ball
1-0: Ground out 4-3 (Groundball, 4MS, EV 88.8 MPH)
Albert Ortiz to third
Batting: LHB Eddie Reyes 0-0: Ball
1-0: Ground out 6-3 (Groundball, 6M, EV 85.6 MPH)
Top of the 9th over - 1 run, 2 hits, 0 errors, 1 left on base; Texas (APP) 15 - Bluefield 10
BOTTOM OF THE 9TH
Bluefield Blue Jays batting - Pitching for Texas (APP) Rangers : RHP Ian Wilson
Batting: RHB Mike Johnson 0-0: Ground out 6-3 (Groundball, 6, EV 79.4 MPH)
Batting: LHB Lothar Middelkoop 0-0: Called Strike
0-1: SOLO HOME RUN (Line Drive, 89XD, EV 108.1 MPH), Distance : 432 ft
Pitching: LHP Ryan Tillett
Batting: RHB David Gamez 0-0: Foul Ball, location: 2F
0-1: Ball
1-1: Fly out, F8 (Flyball, 8RS, EV 93.1 MPH)
Batting: LHB Nate Greening 0-0: Called Strike
0-1: Fly out, F8 (Line Drive, 89D, EV 108.8 MPH)
Bottom of the 9th over - 1 run, 1 hit, 0 errors, 0 left on base; Texas (APP) 15 - Bluefield 11
Tuesday, March 28th , 2023 - OOTP Baseball 23.10 Build 110